2816 views
Uploaded 2019-12-01 21:23:41
Game version 1.32.0.3 / 1.32.0.3.1
10:31 long 4on4 ladder game on (8)MarketSquare
Saved by BEARAND
2816 views
Uploaded 2019-12-01 21:23:41
Game version 1.32.0.3 / 1.32.0.3.1
10:31 long 4on4 ladder game on (8)MarketSquare


88 units @ 9.8k
/ 0.7k
47 buildings @ 8.5k
/ 3.3k

| Lesser Clarity Potion | 1 | 70 |
| Potion of Healing | 1 | 150 |
| Boots of Speed | 1 | 250 |
| total: | 3 | 470g |
| Wisp | 16 | 960 | / | 0 |
| Archer | 6 | 780 | / | 60 |
| Dryad | 2 | 290 | / | 120 |
| Druid of the Claw | 2 | 510 | / | 160 |
| total: | 26 | 2540g | / | 340w |
| Altar of Elders | 1 | 180 | / | 50 |
| Moon Well | 5 | 900 | / | 200 |
| Ancient of War | 1 | 150 | / | 60 |
| Ancient of Wonders | 1 | 90 | / | 30 |
| Hunter's Hall | 1 | 210 | / | 100 |
| Tree of Life | 1 | 340 | / | 185 |
| Ancient of Lore | 2 | 310 | / | 290 |
| Tree of Ages | 1 | 320 | / | 180 |
| Tree of Eternity | 1 | 330 | / | 200 |
| total: | 12 | 2180g | / | 915w |
| 0:03 | Wisp |
| 0:03 | Wisp |
| 0:06 | Altar of Elders |
| 0:11 | Moon Well |
| 0:13 | Wisp |
| 0:17 | Wisp |
| 0:25 | Ancient of War |
| 0:30 | Wisp |
| 0:38 | Wisp |
| 0:49 | Wisp |
| 1:00 | Wisp |
| 1:16 | Wisp |
| 1:29 | Archer |
| 1:30 | Archer |
| 1:42 | Moon Well |
| 2:29 | Fan of Knives |
| 2:41 | Archer |
| 2:42 | Wisp |
| 2:42 | Wisp |
| 2:44 | Moon Well |
| 2:51 | Wisp |
| 2:54 | Ancient of Wonders |
| 3:22 | Archer |
| 3:23 | Archer |
| 3:25 | Tree of Ages |
| 3:43 | Archer |
| 3:47 | Blink |
| 4:08 | Moon Well |
| 4:49 | Hunter's Hall |
| 5:41 | Fan of Knives |
| 5:55 | Ancient of Lore |
| 6:04 | Ancient of Lore |
| 6:16 | Wisp |
| 6:17 | Wisp |
| 6:30 | Strength of the Wild |
| 6:44 | Tree of Eternity |
| 6:50 | Boots of Speed |
| 7:20 | Dryad |
| 7:31 | Tree of Life |
| 7:42 | Moon Well |
| 8:13 | Dryad |
| 8:17 | Lesser Clarity Potion |
| 8:19 | Potion of Healing |
| 8:41 | Abolish Magic |
| 8:42 | Druid of the Claw Adept Training |
| 9:26 | Druid of the Claw Master Training |
| 9:29 | Druid of the Claw |
| 9:34 | Druid of the Claw |
| 9:50 | Wisp |
| 9:50 | Wisp |
| Right click | 390 |
| Select | 152 |
| Select group | 69 |
| Build/train/purchase | 49 |
| Assign group | 12 |
| Use ability | 5 |
| Remove unit | 4 |
| Item give/drop | 1 |
| Minimap ping | 1 |


| Healing Salve | 1 | 100 |
| Lesser Clarity Potion | 1 | 70 |
| total: | 2 | 170g |
| Peon | 16 | 1200 | / | 0 |
| Grunt | 5 | 1000 | / | 0 |
| Wind Rider | 4 | 1060 | / | 160 |
| total: | 25 | 3260g | / | 160w |
| Altar of Storms | 1 | 180 | / | 50 |
| Orc Burrow | 5 | 800 | / | 200 |
| Barracks | 1 | 180 | / | 50 |
| Voodoo Lounge | 1 | 130 | / | 30 |
| Great Hall | 1 | 385 | / | 185 |
| War Mill | 1 | 205 | / | 0 |
| Beastiary | 2 | 290 | / | 280 |
| Spirit Lodge | 1 | 150 | / | 150 |
| Stronghold | 1 | 315 | / | 190 |
| Fortress | 1 | 325 | / | 190 |
| total: | 13 | 2320g | / | 945w |
| 0:03 | Peon |
| 0:03 | Peon |
| 0:06 | Altar of Storms |
| 0:07 | Orc Burrow |
| 0:35 | Barracks |
| 0:44 | Peon |
| 0:47 | Peon |
| 0:47 | Peon |
| 1:01 | Peon |
| 1:21 | Peon |
| 1:30 | Orc Burrow |
| 1:40 | Grunt |
| 1:41 | Grunt |
| 2:10 | Peon |
| 2:11 | Critical Strike |
| 2:23 | Grunt |
| 2:26 | Peon |
| 2:40 | Grunt |
| 2:53 | Voodoo Lounge |
| 3:12 | Grunt |
| 3:23 | Wind Walk |
| 3:42 | Stronghold |
| 4:01 | Orc Burrow |
| 4:47 | Great Hall |
| 5:08 | War Mill |
| 5:11 | Wind Walk |
| 5:58 | Healing Salve |
| 5:58 | Lesser Clarity Potion |
| 6:07 | Peon |
| 6:07 | Peon |
| 6:37 | Fortress |
| 7:00 | Beastiary |
| 7:04 | Beastiary |
| 7:09 | Healing Wave |
| 7:16 | Orc Burrow |
| 7:17 | Orc Burrow |
| 7:21 | Peon |
| 7:29 | Peon |
| 7:37 | Peon |
| 7:56 | Peon |
| 7:56 | Peon |
| 8:05 | Spirit Lodge |
| 8:19 | Wind Rider |
| 8:23 | Wind Rider |
| 8:24 | Wind Rider |
| 9:43 | Wind Rider |
| 9:54 | Witch Doctor Adept Training |
| Right click | 415 |
| Select group | 220 |
| Select | 209 |
| Build/train/purchase | 51 |
| Chat | 19 |
| Misc. action | 9 |
| Assign group | 8 |
| Use ability | 3 |
| Item give/drop | 1 |
| Remove unit | 1 |
| Minimap ping | 1 |


| Healing Salve | 3 | 300 |
| Lesser Clarity Potion | 5 | 350 |
| total: | 8 | 650g |
| Peon | 6 | 450 | / | 0 |
| Grunt | 4 | 800 | / | 0 |
| Troll Headhunter | 2 | 280 | / | 40 |
| total: | 12 | 1530g | / | 40w |
| Orc Burrow | 4 | 640 | / | 160 |
| Altar of Storms | 1 | 180 | / | 50 |
| Barracks | 1 | 180 | / | 50 |
| Voodoo Lounge | 1 | 130 | / | 30 |
| War Mill | 1 | 205 | / | 0 |
| Great Hall | 1 | 385 | / | 185 |
| Beastiary | 1 | 145 | / | 140 |
| Stronghold | 1 | 315 | / | 190 |
| Fortress | 1 | 325 | / | 190 |
| total: | 10 | 1865g | / | 615w |
| 0:05 | Orc Burrow |
| 0:06 | Altar of Storms |
| 0:08 | Peon |
| 0:25 | Barracks |
| 0:45 | Peon |
| 1:19 | Peon |
| 1:21 | Peon |
| 1:28 | Grunt |
| 1:39 | Voodoo Lounge |
| 1:55 | Grunt |
| 2:09 | Wind Walk |
| 2:26 | Orc Burrow |
| 3:13 | Orc Burrow |
| 3:16 | War Mill |
| 3:22 | Healing Salve |
| 3:23 | Lesser Clarity Potion |
| 3:35 | Peon |
| 3:35 | Peon |
| 3:39 | Grunt |
| 4:08 | Critical Strike |
| 4:28 | Grunt |
| 4:33 | Stronghold |
| 4:54 | Troll Headhunter |
| 4:55 | Troll Headhunter |
| 5:04 | Lesser Clarity Potion |
| 5:08 | Lesser Clarity Potion |
| 6:00 | Steel Ranged Weapons |
| 6:00 | Steel Armor |
| 6:20 | Healing Salve |
| 6:31 | Orc Burrow |
| 7:18 | Critical Strike |
| 7:46 | Fortress |
| 7:51 | Beastiary |
| 7:57 | Healing Wave |
| 8:06 | Lesser Clarity Potion |
| 8:12 | Lesser Clarity Potion |
| 8:13 | Healing Salve |
| 8:36 | Great Hall |
| Right click | 297 |
| Select | 119 |
| Build/train/purchase | 45 |
| Chat | 22 |
| Use ability | 11 |
| Assign group | 2 |
| Minimap ping | 2 |
| Item give/drop | 1 |
| Select group | 1 |


| Wisp | 16 | 960 | / | 0 |
| Archer | 3 | 390 | / | 30 |
| Huntress | 6 | 1170 | / | 120 |
| total: | 25 | 2520g | / | 150w |
| Altar of Elders | 1 | 180 | / | 50 |
| Ancient of War | 1 | 150 | / | 60 |
| Moon Well | 7 | 1260 | / | 280 |
| Hunter's Hall | 1 | 210 | / | 100 |
| Ancient of Lore | 2 | 310 | / | 290 |
| Tree of Ages | 1 | 320 | / | 180 |
| Tree of Eternity | 1 | 330 | / | 200 |
| total: | 12 | 2110g | / | 780w |
| 0:04 | Wisp |
| 0:07 | Altar of Elders |
| 0:10 | Ancient of War |
| 0:21 | Moon Well |
| 0:30 | Wisp |
| 0:36 | Wisp |
| 0:58 | Wisp |
| 1:22 | Archer |
| 1:22 | Archer |
| 1:26 | Wisp |
| 1:50 | Moon Well |
| 1:57 | Wisp |
| 1:57 | Wisp |
| 2:21 | Shadow Strike |
| 2:27 | Wisp |
| 2:27 | Wisp |
| 2:27 | Wisp |
| 2:35 | Hunter's Hall |
| 2:58 | Archer |
| 3:01 | Wisp |
| 3:01 | Wisp |
| 3:02 | Wisp |
| 3:37 | Huntress |
| 3:38 | Huntress |
| 3:49 | Moon Well |
| 4:00 | Huntress |
| 4:13 | Blink |
| 4:28 | Tree of Ages |
| 4:41 | Ultravision |
| 4:56 | Huntress |
| 5:53 | Strength of the Wild |
| 5:54 | Reinforced Hides |
| 6:32 | Shadow Strike |
| 6:51 | Moon Well |
| 6:52 | Moon Well |
| 6:58 | Ancient of Lore |
| 6:59 | Ancient of Lore |
| 7:02 | Wisp |
| 7:02 | Wisp |
| 7:02 | Wisp |
| 8:14 | Trueshot Aura |
| 8:26 | Tree of Eternity |
| 8:28 | Improved Strength of the Wild |
| 8:50 | Sentinel |
| 8:58 | Moon Glaive |
| 8:58 | Huntress |
| 8:58 | Huntress |
| 9:33 | Moon Well |
| 9:36 | Moon Well |
| 9:47 | Abolish Magic |
| 9:47 | Druid of the Claw Adept Training |
| Right click | 261 |
| Select | 166 |
| Select group | 66 |
| Build/train/purchase | 42 |
| Chat | 18 |
| Assign group | 6 |
| Use ability | 6 |
| Remove unit | 5 |
| Minimap ping | 2 |
60 units @ 4.6k
/ 0k
113 buildings @ 7.8k
/ 4k


| Healing Salve | 1 | 100 |
| Lesser Clarity Potion | 1 | 70 |
| Boots of Speed | 2 | 500 |
| Staff of Teleportation | 2 | 300 |
| total: | 6 | 970g |
| Peon | 14 | 1050 | / | 0 |
| total: | 14 | 1050g | / | 0w |
| Watch Tower | 21 | 2310 | / | 1680 |
| Altar of Storms | 1 | 180 | / | 50 |
| Orc Burrow | 3 | 480 | / | 120 |
| War Mill | 1 | 205 | / | 0 |
| Voodoo Lounge | 1 | 130 | / | 30 |
| Stronghold | 1 | 315 | / | 190 |
| Fortress | 1 | 325 | / | 190 |
| total: | 27 | 3305g | / | 1880w |
| 0:02 | Peon |
| 0:03 | Peon |
| 0:07 | Altar of Storms |
| 0:18 | Orc Burrow |
| 0:21 | Peon |
| 0:40 | Peon |
| 0:48 | War Mill |
| 0:52 | Peon |
| 1:03 | Peon |
| 1:17 | Voodoo Lounge |
| 1:22 | Peon |
| 1:31 | Peon |
| 1:37 | Peon |
| 1:59 | Orc Burrow |
| 2:08 | Watch Tower |
| 2:14 | Peon |
| 2:15 | Shockwave |
| 2:24 | Watch Tower |
| 3:02 | Peon |
| 3:02 | Peon |
| 3:03 | Peon |
| 3:05 | Watch Tower |
| 3:23 | Watch Tower |
| 3:50 | Peon |
| 4:07 | Stronghold |
| 4:18 | Endurance Aura |
| 4:30 | Watch Tower |
| 4:31 | Watch Tower |
| 4:53 | Orc Burrow |
| 4:56 | Watch Tower |
| 5:33 | Watch Tower |
| 5:46 | Watch Tower |
| 6:00 | Watch Tower |
| 6:03 | Watch Tower |
| 6:17 | Boots of Speed |
| 6:17 | Staff of Teleportation |
| 6:46 | Watch Tower |
| 7:10 | Watch Tower |
| 7:29 | Watch Tower |
| 7:40 | Hex |
| 7:48 | Watch Tower |
| 7:53 | Boots of Speed |
| 8:06 | Healing Salve |
| 8:06 | Lesser Clarity Potion |
| 8:16 | Watch Tower |
| 8:19 | Watch Tower |
| 8:33 | Staff of Teleportation |
| 8:56 | Shockwave |
| 9:05 | Watch Tower |
| 9:08 | Watch Tower |
| 9:26 | Watch Tower |
| 9:28 | Reinforced Defenses |
| 9:28 | Spiked Barricades |
| 9:34 | Watch Tower |
| 9:57 | Fortress |
| Right click | 686 |
| Select | 159 |
| Select group | 60 |
| Chat | 52 |
| Misc. action | 38 |
| Build/train/purchase | 35 |
| Use ability | 27 |
| Assign group | 2 |
| Esc | 1 |
| Minimap ping | 1 |



| Staff of Teleportation | 2 | 300 |
| Boots of Speed | 3 | 750 |
| total: | 5 | 1050g |
| Peasant | 16 | 1200 | / | 0 |
| total: | 16 | 1200g | / | 0w |
| Scout Tower | 23 | 690 | / | 460 |
| Arcane Tower | 3 | 210 | / | 150 |
| Guard Tower | 8 | 560 | / | 400 |
| Altar of Kings | 1 | 180 | / | 50 |
| Farm | 4 | 320 | / | 80 |
| Lumber Mill | 1 | 120 | / | 0 |
| Arcane Sanctum | 1 | 150 | / | 140 |
| Keep | 1 | 320 | / | 210 |
| Castle | 1 | 360 | / | 210 |
| total: | 30 | 1460g | / | 730w |
| 0:04 | Peasant |
| 0:05 | Peasant |
| 0:07 | Altar of Kings |
| 0:09 | Farm |
| 0:17 | Peasant |
| 0:18 | Peasant |
| 0:21 | Scout Tower |
| 0:25 | Farm |
| 0:39 | Peasant |
| 0:39 | Peasant |
| 0:52 | Peasant |
| 0:52 | Peasant |
| 1:15 | Arcane Tower |
| 1:23 | Scout Tower |
| 1:32 | Peasant |
| 1:34 | Peasant |
| 1:50 | Lumber Mill |
| 1:54 | Peasant |
| 1:54 | Peasant |
| 2:10 | Summon Water Elemental |
| 2:15 | Guard Tower |
| 2:18 | Scout Tower |
| 2:19 | Peasant |
| 2:19 | Peasant |
| 2:59 | Peasant |
| 2:59 | Peasant |
| 3:00 | Improved Masonry |
| 3:02 | Guard Tower |
| 3:03 | Scout Tower |
| 3:34 | Guard Tower |
| 3:36 | Keep |
| 3:39 | Scout Tower |
| 4:05 | Farm |
| 4:05 | Farm |
| 4:07 | Guard Tower |
| 4:08 | Scout Tower |
| 4:09 | Scout Tower |
| 4:10 | Scout Tower |
| 4:10 | Scout Tower |
| 4:12 | Scout Tower |
| 4:13 | Scout Tower |
| 4:20 | Brilliance Aura |
| 4:40 | Guard Tower |
| 4:42 | Advanced Masonry |
| 5:50 | Guard Tower |
| 5:54 | Scout Tower |
| 5:55 | Scout Tower |
| 5:58 | Castle |
| 6:05 | Staff of Teleportation |
| 6:05 | Boots of Speed |
| 6:14 | Arcane Sanctum |
| 6:27 | Arcane Tower |
| 6:28 | Arcane Tower |
| 6:55 | Storm Bolt |
| 6:59 | Guard Tower |
| 7:00 | Guard Tower |
| 7:37 | Boots of Speed |
| 7:44 | Magic Sentry |
| 7:46 | Imbued Masonry |
| 8:14 | Staff of Teleportation |
| 8:49 | Summon Water Elemental |
| 9:25 | Scout Tower |
| 9:26 | Scout Tower |
| 9:26 | Scout Tower |
| 9:29 | Scout Tower |
| 9:29 | Scout Tower |
| 9:30 | Scout Tower |
| 9:32 | Holy Light |
| 9:43 | Scout Tower |
| 9:45 | Scout Tower |
| 9:46 | Scout Tower |
| 9:47 | Scout Tower |
| 10:03 | Boots of Speed |
| Right click | 541 |
| Select group | 332 |
| Select | 129 |
| Build/train/purchase | 74 |
| Chat | 59 |
| Misc. action | 23 |
| Use ability | 9 |
| Assign group | 6 |
| Item give/drop | 3 |
| Esc | 2 |


| Boots of Speed | 3 | 750 |
| Staff of Teleportation | 2 | 300 |
| total: | 5 | 1050g |
| Peasant | 15 | 1125 | / | 0 |
| Priest | 1 | 135 | / | 10 |
| total: | 16 | 1260g | / | 10w |
| Scout Tower | 20 | 600 | / | 400 |
| Guard Tower | 12 | 840 | / | 600 |
| Arcane Tower | 5 | 350 | / | 250 |
| Altar of Kings | 1 | 180 | / | 50 |
| Farm | 4 | 320 | / | 80 |
| Lumber Mill | 1 | 120 | / | 0 |
| Arcane Sanctum | 1 | 150 | / | 140 |
| Keep | 1 | 320 | / | 210 |
| Castle | 1 | 360 | / | 210 |
| total: | 27 | 1370g | / | 670w |
| 0:02 | Peasant |
| 0:02 | Peasant |
| 0:06 | Altar of Kings |
| 0:20 | Farm |
| 0:24 | Peasant |
| 0:35 | Peasant |
| 0:48 | Lumber Mill |
| 0:52 | Peasant |
| 0:52 | Peasant |
| 1:05 | Farm |
| 1:08 | Peasant |
| 1:13 | Scout Tower |
| 1:17 | Peasant |
| 1:23 | Peasant |
| 1:27 | Scout Tower |
| 1:38 | Scout Tower |
| 2:07 | Summon Water Elemental |
| 2:10 | Guard Tower |
| 2:11 | Arcane Tower |
| 2:21 | Guard Tower |
| 2:56 | Peasant |
| 2:56 | Peasant |
| 2:59 | Scout Tower |
| 3:01 | Scout Tower |
| 3:02 | Scout Tower |
| 3:39 | Guard Tower |
| 3:39 | Guard Tower |
| 3:40 | Keep |
| 3:42 | Scout Tower |
| 3:43 | Scout Tower |
| 3:44 | Scout Tower |
| 3:44 | Scout Tower |
| 3:45 | Scout Tower |
| 4:03 | Guard Tower |
| 4:05 | Farm |
| 4:06 | Farm |
| 4:07 | Improved Masonry |
| 4:17 | Brilliance Aura |
| 4:31 | Guard Tower |
| 4:31 | Guard Tower |
| 4:39 | Guard Tower |
| 4:40 | Scout Tower |
| 4:41 | Scout Tower |
| 4:56 | Guard Tower |
| 5:26 | Guard Tower |
| 5:49 | Guard Tower |
| 5:52 | Scout Tower |
| 5:52 | Scout Tower |
| 5:53 | Scout Tower |
| 5:57 | Scout Tower |
| 5:57 | Scout Tower |
| 5:57 | Scout Tower |
| 5:58 | Scout Tower |
| 6:08 | Boots of Speed |
| 6:08 | Staff of Teleportation |
| 6:15 | Arcane Sanctum |
| 6:33 | Arcane Tower |
| 6:38 | Arcane Tower |
| 6:55 | Arcane Tower |
| 7:16 | Magic Sentry |
| 7:17 | Priest |
| 7:43 | Arcane Tower |
| 7:45 | Peasant |
| 7:45 | Peasant |
| 7:45 | Peasant |
| 7:45 | Peasant |
| 8:00 | Boots of Speed |
| 8:10 | Staff of Teleportation |
| 8:38 | Summon Water Elemental |
| 8:46 | Storm Bolt |
| 9:08 | Castle |
| 9:13 | Boots of Speed |
| 9:34 | Advanced Masonry |
| 9:44 | Improved Lumber Harvesting |
| 9:54 | Guard Tower |
| Right click | 718 |
| Select | 206 |
| Select group | 95 |
| Chat | 79 |
| Build/train/purchase | 76 |
| Assign group | 27 |
| Misc. action | 22 |
| Use ability | 5 |
| Item give/drop | 2 |
| Remove unit | 2 |


| Staff of Teleportation | 2 | 300 |
| Boots of Speed | 2 | 500 |
| total: | 4 | 800g |
| Peasant | 14 | 1050 | / | 0 |
| total: | 14 | 1050g | / | 0w |
| Scout Tower | 20 | 600 | / | 400 |
| Guard Tower | 7 | 490 | / | 350 |
| Arcane Tower | 5 | 350 | / | 250 |
| Altar of Kings | 1 | 180 | / | 50 |
| Lumber Mill | 1 | 120 | / | 0 |
| Farm | 3 | 240 | / | 60 |
| Arcane Vault | 3 | 390 | / | 90 |
| Arcane Sanctum | 1 | 150 | / | 140 |
| Keep | 2 | 640 | / | 420 |
| Castle | 1 | 360 | / | 210 |
| total: | 29 | 1680g | / | 740w |
| 0:01 | Peasant |
| 0:06 | Altar of Kings |
| 0:07 | Peasant |
| 0:20 | Lumber Mill |
| 0:23 | Peasant |
| 0:33 | Farm |
| 0:35 | Peasant |
| 0:59 | Peasant |
| 1:05 | Scout Tower |
| 1:08 | Scout Tower |
| 1:10 | Peasant |
| 1:18 | Peasant |
| 1:22 | Improved Masonry |
| 1:37 | Farm |
| 1:38 | Peasant |
| 1:52 | Guard Tower |
| 1:55 | Peasant |
| 2:16 | Summon Water Elemental |
| 2:22 | Peasant |
| 2:24 | Guard Tower |
| 2:27 | Scout Tower |
| 2:28 | Scout Tower |
| 3:48 | Guard Tower |
| 4:05 | Scout Tower |
| 4:09 | Scout Tower |
| 4:10 | Keep |
| 4:20 | Brilliance Aura |
| 4:43 | Arcane Tower |
| 4:45 | Scout Tower |
| 4:45 | Scout Tower |
| 4:48 | Scout Tower |
| 4:49 | Scout Tower |
| 4:50 | Scout Tower |
| 4:51 | Scout Tower |
| 5:55 | Guard Tower |
| 6:00 | Scout Tower |
| 6:01 | Scout Tower |
| 6:02 | Scout Tower |
| 6:03 | Scout Tower |
| 6:13 | Staff of Teleportation |
| 6:15 | Boots of Speed |
| 6:38 | Farm |
| 6:40 | Arcane Sanctum |
| 6:42 | Advanced Masonry |
| 6:42 | Peasant |
| 6:43 | Peasant |
| 7:02 | Arcane Tower |
| 8:05 | Arcane Tower |
| 8:08 | Arcane Vault |
| 8:09 | Arcane Vault |
| 8:10 | Arcane Vault |
| 8:12 | Magic Sentry |
| 8:15 | Peasant |
| 8:15 | Peasant |
| 8:19 | Staff of Teleportation |
| 8:24 | Storm Bolt |
| 8:41 | Boots of Speed |
| 8:47 | Summon Water Elemental |
| 9:10 | Castle |
| 9:43 | Scout Tower |
| 9:47 | Scout Tower |
| 10:19 | Guard Tower |
| 10:20 | Scout Tower |
| 10:21 | Scout Tower |
| Right click | 527 |
| Select | 271 |
| Assign group | 126 |
| Select group | 96 |
| Build/train/purchase | 61 |
| Use ability | 5 |
| Misc. action | 3 |
| Item give/drop | 3 |
| Minimap ping | 1 |
⇛